 Dungeon Crawl Stone Soup version 0.23.2-30-g0e89c35649 (webtiles) character file.

Game seed: 8708509503410308895

487 Dasit the Grasshopper (level 7, 0/54 HPs)
             Began as a Vine Stalker Warper on June 15, 2019.
             Succumbed to a scorpion's poison
             ... on level 4 of the Dungeon.
             The game lasted 00:09:18 (4170 turns).

Dasit the Grasshopper (Vine Stalker Warper)         Turns: 4170, Time: 00:09:19

Health: 0/54       AC: 23    Str: 15    XL:     7   Next: 13%
Magic:  4/13       EV:  2    Int: 13    God:
Gold:   220        SH:  0    Dex: 14    Spells: 9/13 levels left

rFire    . . .     SeeInvis .   a - +0 hand axe
rCold    + . .     Gourm    .   (no shield)
rNeg     + + +     Faith    .   (armour currently unavailable)
rPois    +         Spirit   +   (helmet currently unavailable)
rElec    .         Reflect  .   (cloak currently unavailable)
rCorr    .         Harm     .   (gloves currently unavailable)
MR       .....     NoTele   +   (boots currently unavailable)
Stlth    +.........             (no amulet)
HPRegen  0.58/turn              v - -3 ring of evasion (curse)
MPRegen  0.13/turn              n - ring of protection from cold

@: lethally poisoned (0 -> -3), tree-form
A: regeneration 1, magic shield, no potion heal 3, rot immunity
a: no special abilities


You were on level 4 of the Dungeon.
You were not hungry.
You were a tree.
You visited 1 branch of the dungeon, and saw 5 of its levels.

You collected 220 gold pieces.

Inventory:

Hand Weapons
 a - a +0 hand axe (weapon)
Missiles
 e - 3 tomahawks of dispersal (quivered)
Armour
 b - a +1 leather armour
 x - a +0 ring mail (melded)
 B - a +0 scale mail
Jewellery
 n - a ring of protection from cold (right branch)
 v - a cursed -3 ring of evasion (left branch)
 z - an uncursed ring of poison resistance {unknown}
Scrolls
 c - a scroll of identify
 d - a scroll of blinking
 u - a scroll of remove curse
 y - 2 scrolls of enchant armour
 A - a scroll of fog
Potions
 g - a potion of lignification
 i - a potion of cancellation
 l - 2 potions of magic {unknown}
 m - 4 potions of curing {unknown}
 o - a potion of agility {unknown}
 p - a potion of brilliance {unknown}
 q - 4 potions of haste {unknown}
 r - 2 potions of degeneration {unknown}
Comestibles
 f - 8 rations


   Skills:
 * Level 3.1 Fighting
 + Level 3.3 Axes
 - Level 0.8 Throwing
 * Level 2.6 Armour
 * Level 2.2 Dodging
 * Level 3.5 Spellcasting
 * Level 2.0 Charms
 * Level 3.7 Translocations


You had 9 spell levels left.
You knew the following spells:

 Your Spells              Type           Power        Failure   Level  Hunger
a - Blink                 Tloc           N/A          7%          2    ##.....
b - Shroud of Golubria    Chrm/Tloc      #.........   10%         2    ##.....

Your spell library contained the following spells:

 Spells                   Type           Power        Failure   Level  Hunger
 Gell's Gravitas          Tloc           ##........   14%         3    ###....
 Lesser Beckoning         Tloc           ##........   14%         3    ###....
 Teleport Other           Tloc           ##......     14%         3    ###....
 Passage of Golubria      Tloc           N/A          43%         4    #####..


Dungeon Overview and Level Annotations

Branches:
Dungeon (5/15)             Temple (0/1) D:5

Altars:
Ashenzari
Fedhas
Sif Muna
Trog
Uskayaw
Vehumet
Xom

Annotations:
D:5 Edmund


Innate Abilities, Weirdness & Mutations

((You have extremely sharp teeth.))
Your natural rate of healing is unusually fast.
When hurt, damage is shared between your health and your magic reserves.
((Your bite disrupts and absorbs the magic of your enemies.))
Potions cannot restore your health.
You are immune to rotting.


Message History

Wield which item (- for none, * to show all)? (? for menu, Esc to quit)
Okay, then.
Okay, then.
Okay, then.
What are your orders? t - Creak!
Orders for allies: a - Attack new target. p - Attack previous target. r - Retreat! s - Stop attacking. g - Guard the area. f - Follow me.
Anything else - Cancel.
Okay, then.
Fire/throw which item? (* to show all) (? for menu, Esc to quit)
Throwing (i - inventory)
e - 4 tomahawks of dispersal (quivered)
Press: ? - help, Shift-Dir - straight line, f/p - scorpion
Aim: a scorpion (lightly wounded)
You throw a tomahawk of dispersal.
The tomahawk of dispersal hits the scorpion!
The scorpion blinks!
The scorpion is heavily wounded.
You die...

#..#####..##.......#.#
#.#
...................#(#
#.#
##.####........#####.#
#.# #..####### #.# #.#
#..# #.# #.# #..# #.#
#.#
#..###########.####.##
#..............##...#.
#..##♣.)..............
#..##§##########.#..<.
#..##.# #.#.#.#
#.........# ##...##
#.###.###.# ##.### ..
#.# #.# # ## #s# #.# #
#(# #.# # #.# #.# #


You could see a scorpion.

Vanquished Creatures
  A phantom (D:3)
  2 eyes of draining (D:3)
  A scorpion (D:4)
  A hound (D:4)
  An orc wizard (D:3)
  A gnoll (D:3)
  2 adders (D:3)
  An ooze (D:1)
  2 worms
  2 dart slugs
  3 leopard geckos
  10 orcs (D:3)
  A ball python (D:3)
  9 bats
  5 giant cockroaches
  2 goblins (D:1)
  6 hobgoblins
  3 jackals (D:3)
  3 quokkas
  A frilled lizard (D:3)
  4 kobolds
  6 rats
67 creatures vanquished.

Notes
Turn   | Place    | Note
-------+----------+-------------------------------------------
     0 | D:1      | Dasit the Vine Stalker Warper began the quest for the Orb.
     0 | D:1      | Reached XP level 1. HP: 11/11 MP: 4/4
   248 | D:1      | Reached XP level 2. HP: 13/15 MP: 6/6
   250 | D:1      | Reached skill level 1 in Armour
   663 | D:1      | Reached XP level 3. HP: 14/18 MP: 5/7
   995 | D:1      | Learned a level 2 spell: Blink
   998 | D:1      | Learned a level 2 spell: Shroud of Golubria
  1618 | D:3      | Gained mutation: Your natural rate of healing is unusually
                  | fast. [Vine Stalker growth]
  1618 | D:3      | Reached XP level 4. HP: 23/23 MP: 9/9
  1717 | D:3      | Found a blossoming altar of Fedhas.
  1730 | D:3      | Found a deep blue altar of Sif Muna.
  1730 | D:3      | Found a radiant altar of Vehumet.
  2005 | D:3      | Found a bloodstained altar of Trog.
  2005 | D:3      | Noticed an eye of draining
  2006 | D:3      | Noticed an eye of draining
  2247 | D:3      | Killed an eye of draining
  2247 | D:3      | Reached skill level 1 in Charms
  2247 | D:3      | Reached XP level 5. HP: 27/27 MP: 0/10
  2257 | D:3      | Killed an eye of draining
  2257 | D:3      | Reached XP level 6. HP: 32/32 MP: 7/11
  2462 | D:3      | Found a shimmering altar of Xom.
  2477 | D:3      | Noticed a -2 hand axe
  2477 | D:3      | Noticed a +0 hand axe
  2554 | D:3      | Found a hide-covered altar of Uskayaw.
  3423 | D:4      | You fall through a shaft!
  3423 | D:5      | Entered Level 5 of the Dungeon
  3423 | D:5      | Noticed Edmund
  3429 | D:5      | Found a staircase to the Ecumenical Temple.
  3429 | D:5      | Noticed a slave
  3561 | D:4      | Found a shattered altar of Ashenzari.
  3880 | D:4      | Noticed a phantom
  3987 | D:3      | Killed a phantom
  3987 | D:3      | Reached XP level 7. HP: 28/36 MP: 10/13
  4167 | D:4      | HP: 2/54 [scorpion (1)]
  4170 | D:4      | Succumbed to a scorpion's poison

Skill      XL: |  1  2  3  4  5  6 |
---------------+-------------------+-----
Fighting       | 2 3 |  3.1
Armour         | 1 2 |  2.6
Axes           | 2 3 |  3.3
Spellcasting   | 3 |  3.5
Charms         | 1 2 |  2.0
Dodging        | 2 |  2.2
Throwing       | |  0.8
Translocations | |  3.7

Action                   |  1- 3 |  4- 6 |  7- 9 || total
-------------------------+-------+-------+-------++-------
Melee: Hand axe          |    99 |   180 |    11 ||   290
       Bite              |    25 |    51 |     1 ||    77
Throw: Tomahawk          |     1 |       |     1 ||     2
       Throwing net      |       |       |     2 ||     2
 Cast: Shroud of Golubri |     1 |     3 |       ||     4
  Use: Scroll            |     3 |     7 |     1 ||    11
       Potion            |       |     1 |     1 ||     2
  Eat: Chunk             |     2 |     7 |       ||     9
       Ration            |       |     1 |       ||     1
Armor: Leather armour    |    25 |    50 |       ||    75
       Ring mail         |       |    23 |     3 ||    26
       Skin              |       |       |     5 ||     5
Dodge: Dodged            |    81 |   144 |     1 ||   226
